 Dungeon Crawl Stone Soup version 0.31-a0-819-gf6de2f5ab6 (webtiles) character file.

Game seed: 15509582801126040315

564 Gelion the Changeling (level 7, -4/47 HPs)
             Began as an Octopode Shapeshifter on Sept 24, 2023.
             Slain by a gnoll
             ... wielding a +0 club
             ... led by a gnoll bouda
              (5 damage)
             ... on level 5 of the Dungeon.
             The game lasted 00:05:45 (4223 turns).

Gelion the Changeling (Octopode Shapeshifter)       Turns: 4223, Time: 00:05:45

Health: -4/47      AC:  1    Str: 14    XL:     7   Next: 32%
Magic:  7/7        EV:  7    Int: 12    God:
Gold:   216        SH:  0    Dex: 13    Spells: 6/6 levels left

rFire   . .          .
                       - Unarmed
rCold   . . .        (no shield)
rNeg    . . .        (helmet currently unavailable)
rPois   .            (no amulet)
rElec   .            (no ring)
rCorr   .            (no ring)
SInv    .            (no ring)
Will    .....        (no ring)
Stlth   ++           (no ring)
HPRegen 0.27/turn    (no ring)
MPRegen 0.10/turn    (no ring)
                     (no ring)

%: no passive effects
@: beast-form, held
A: beast (slay +3), almost no armour, amphibious, 8 rings, camouflage 1,
gelatinous body 1, (nimble swimmer 1), tentacles
a: Begin Untransformation


You were on level 5 of the Dungeon.
You were a hulking beast.
You visited 1 branch of the dungeon, and saw 5 of its levels.
You also visited: Sewer.

You collected 216 gold pieces.

Inventory:

Talismans
 b - a beast talisman (active)
 c - a flux talisman
Wands
 o - a wand of light (9)
Scrolls
 e - a scroll of enchant weapon
 g - a scroll of fog
 i - 2 scrolls of vulnerability
 p - a scroll of poison
Potions
 a - 3 potions of lignification
 d - a potion of resistance {unknown}
 f - 3 potions of curing
 h - 3 potions of magic {unknown}
 j - 5 potions of haste
 k - a potion of heal wounds {unknown}
 l - a potion of might {unknown}
 m - a potion of cancellation {unknown}
 n - a potion of attraction {unknown}
 q - 2 potions of berserk rage {unknown}


   Skills:
 + Level 3.7 Fighting
 - Level 2.0 Dodging
 + Level 4.7 Unarmed Combat
 * Level 5.8 Shapeshifting


You had 6 spell levels left.
You didn't know any spells.
Your spell library contained the following spells:

 Spells                   Type           Power      Damage    Failure   Level
 Freeze                   Ice            0%         1d3       32%         1
 Slow                     Hex            0%         N/A       32%         1
 Confusing Touch          Hex            0%         N/A       69%         3
 Frozen Ramparts          Ice            0%         1d1       69%         3
 Hailstorm                Conj/Ice       0%         3d3       69%         3
 Sigil of Binding         Hex            0%         N/A       69%         3
 Vampiric Draining        Necr           0%         2d6       69%         3


Dungeon Overview and Level Annotations

Branches:
Dungeon (5/15)              Sewer (visited)
 Temple: D:4-7

Altars:
Cheibriados
Hepliaklqana
Nemelex Xobeh
Uskayaw

Shops:
D:3 !

Annotations:
D:4 2 transporters, Danienth's ghost, amateur VSBr


Innate Abilities, Weirdness & Mutations

You are a hulking beast.
Your limbs bulge with bestial killing power. (Slay +3)
You cannot wear most types of armour.
You are amphibious.
You can wear up to eight rings at the same time.
Your skin changes colour to match your surroundings (Stealth+).
Your rubbery body absorbs attacks. (AC +1, EV +1)
((You are camouflaged when in or above water. (Stealth+)))
You have tentacles for arms and can constrict up to eight enemies at once.


Message History

The gnoll shouts!
You hear a shout! x2
An orc, a gnoll bouda and a gnoll come into view.
The gnoll shouts!
You hear a shout!
An orc comes into view. It is wielding a +0 club.
An orc priest comes into view. It is wielding a +0 dagger.
The orc moves out of view.
You bludgeon the gnoll! Your grab misses the gnoll. You squeeze the gnoll.
The gnoll is severely wounded.
The gnoll bouda barks out a call to the hunt!
The gnolls pick up the pace!
The gnoll closely misses you. The gnoll barely misses you.
You barely miss the gnoll. You grab the gnoll.
The gnoll is severely wounded.
You constrict the gnoll. You bludgeon the gnoll!
You kill the gnoll!
The gnoll hits you with a +0 club.
An orc priest comes into view. It is wielding a +1 antimagic hand axe.
The gnoll hits you with a +0 club.
Unknown command.
The gnoll barely misses you. The gnoll completely misses you.
The gnoll misses you. The gnoll attacks as it pursues you!
The gnoll hits you with a +0 flail.
The gnoll throws a throwing net.
The throwing net hits you.
You become entangled in the net!
You see here a throwing net.
You struggle against the net.
The gnoll hits you with a +0 club. The gnoll hits you with a +0 flail!
You struggle against the net.
The gnoll hits you with a +0 whip. The gnoll hits you with a +0 club.
The gnoll hits you with a +0 flail!
* * * LOW HITPOINT WARNING * * *
Unknown command.
As you read the scroll of fog, it dissolves into smoke.
The gnoll hits you but does no damage. The gnoll hits you with a +0 club.
* * * LOW HITPOINT WARNING * * *
You tear a large gash into the net.
The gnoll hits you with a +0 whip.
* * * LOW HITPOINT WARNING * * *
The gnoll hits you with a +0 club.
You die...

..'....#...#.....#.....#
..##..######.....#....##
...#..##......#'##....#
...'...#......'.......#
...#...#......#.......#
...#...#......#.......#
...#####......###########
...............§§§§.....#
..............§§hg§.....#
..............§§gg......+
..............§.g.o.....#
.....................$..#
........................#
........................#
........................#
#######+###+##)....oo.
#...!....


You could see a gnoll bouda, 3 gnolls and an orc.

Vanquished Creatures
  An ogre (D:5)
  2 kobold brigands (Sewer)
  2 orc priests
  An orc wizard (D:3)
  5 gnolls (D:5)
  4 river rats
  4 adders
  7 worms
  A dart slug (D:2)
  11 orcs
  10 ball pythons
  7 endoplasms
  2 giant cockroaches (D:2)
  4 goblins
  11 hobgoblins
  6 jackals
  15 kobolds
  3 quokkas
  6 bats
  6 frilled lizards
  6 rats
114 creatures vanquished.

Notes
Turn   | Place    | Note
-------+----------+-------------------------------------------
     0 | D:1      | Gelion the Octopode Shapeshifter began the quest for the
                  | Orb.
     0 | D:1      | Reached XP level 1. HP: 13/13 MP: 1/1
   283 | D:1      | Reached XP level 2. HP: 18/18 MP: 2/2
   740 | D:1      | Reached XP level 3. HP: 21/23 MP: 3/3
  1240 | D:2      | Reached XP level 4. HP: 14/29 MP: 4/4
  1592 | D:2      | Reached skill level 4 in Shapeshifting
  2012 | D:3      | Found a faded altar of an unknown god.
  2163 | D:3      | You fall into a shaft and drop 1 floor!
  2288 | D:3      | Found a hide-covered altar of Uskayaw.
  2288 | D:3      | Found a snail-covered altar of Cheibriados.
  2289 | D:3      | Found a hazy altar of Hepliaklqana.
  2291 | D:3      | Found a sparkling altar of Nemelex Xobeh.
  2332 | D:3      | Found Vauph's Distillery.
  2466 | D:3      | Reached XP level 5. HP: 31/35 MP: 5/5
  2745 | D:4      | Found a glowing drain.
  2801 | Sewer    | Entered a sewer
  2938 | Sewer    | Noticed a kobold brigand
  2947 | Sewer    | Killed a kobold brigand
  2948 | Sewer    | Reached skill level 5 in Shapeshifting
  2948 | Sewer    | Reached XP level 6. HP: 32/42 MP: 6/6
  3551 | D:4      | Found a transporter.
  3551 | D:4      | Noticed Danienth's ghost (amateur VSBr)
  3687 | D:4      | Reached XP level 7. HP: 25/46 MP: 7/7
  3765 | D:4      | Found a transporter.
  3797 | D:5      | Entered Level 5 of the Dungeon
  4223 | D:5      | HP: 1/47 [gnoll/+0 whip[a gnoll bouda] (6)]
  4223 | D:5      | Slain by a gnoll

Illustrated notes

Levels and vault maps discovered:
D:1:      minmay_arrival_floating_metal, layout_loops_corners
D:2:      layout_basic, nicolae_half_adder
D:3:      layout_loops_cross, grunt_temple_overflow_open,
          ebering_ecumenical_altar_mist, serial_shops, nicolae_shop_trees
D:4:      layout_rooms, portal_sewer_entry_a, gammafunk_ghost_arena
D:5:      layout_gridville, uniq_pikel

Skill      XL: |  1  2  3  4  5 |
---------------+----------------+-----
Fighting       | 2 3 |  3.7
Shapeshifting  | 4 5 |  5.8
Unarmed Combat | 4 |  4.7
Dodging        | |  2.0

Action                     |  1- 3 |  4- 6 |  7- 9 || total
---------------------------+-------+-------+-------++-------
  Melee: Unarmed           |    65 |   153 |    18 ||   236
         Tentacles         |     9 |    30 |     5 ||    44
         Constrict         |    17 |    39 |     5 ||    61
         Punch             |     1 |     4 |     2 ||     7
    Use: Scroll            |       |     9 |     1 ||    10
   Stab: Sleeping          |     7 |    14 |     1 ||    22
         Distracted        |       |     1 |       ||     1
 Armour: Skin              |    32 |    59 |    20 ||   111
  Dodge: Dodged            |    34 |    81 |    12 ||   127

Table legend: (Time is in decaauts)
 A = Elapsed time spent in this place.
 B = Non-inter-level travel time spent in this place.
 C = Inter-level travel time spent in this place.
 D = Time resting spent in this place.
 E = Time spent auto-exploring this place.
 F = Levels seen in this place.
 G = Mean time per level.
                   A        B        C        D        E       F      G
               +--------+--------+--------+--------+--------+-----+--------+
         Total |   4206 |   4126 |     80 |    350 |   3042 |   6 |  701.0 |
       Dungeon |   3645 |   3565 |     80 |    350 |   2625 |   5 |  729.0 |
         Sewer |    560 |    560 |      0 |      0 |    417 |   1 |  560.0 |
               +--------+--------+--------+--------+--------+-----+--------+

Top non-repeatable levels by time:
     D:2: 1050 daAuts
     D:1: 879 daAuts
     D:3: 750 daAuts
     D:4: 676 daAuts
   Sewer: 560 daAuts
     D:5: 288 daAuts
